 Dungeon Crawl Stone Soup version 0.29-a0-550-g81e455f4c2 (webtiles) character file.

Game seed: 11556024353759473197

27 Lekart the Sneak (level 2, -2/26 HPs)
             Began as a Draconian Delver on June 5, 2022.
             Slain by an orc
             ... wielding a +0 whip
              (3 damage)
             ... on level 5 of the Dungeon.
             The game lasted 00:00:36 (180 turns).

Lekart the Sneak (Draconian Delver)                  Turns: 180, Time: 00:00:36

Health: -2/26      AC:  5    Str: 14    XL:     2   Next: 93%
Magic:  2/2        EV: 12    Int: 10    God:
Gold:   30         SH:  0    Dex: 12    Spells: 1/1 levels left

rFire   . . .      SeeInvis .   a - +0 hand axe
rCold   . . .      Faith    .   (no shield)
rNeg    . . .      Spirit   .   (body armour unavailable)
rPois   .          Reflect  .   (helmet restricted)
rElec   .          Harm     .   (no cloak)
rCorr   .          Rampage  .   (no gloves)
Will    .....                   g - +0 pair of boots
Stlth   +++.......              (no amulet)
HPRegen 0.08/turn               (no ring)
MPRegen 0.08/turn               (no ring)

@: no status effects
A: AC +4, unfitting armour, cold-blooded
a: no special abilities


You were on level 5 of the Dungeon.
You visited 1 branch of the dungeon, and saw 1 of its levels.

You collected 30 gold pieces.

Inventory:

Hand Weapons
 a - a +0 hand axe (weapon)
Armour
 g - a +0 pair of boots (worn)
Wands
 f - a wand of digging (3)
Scrolls
 b - a scroll of fog
 c - a scroll of magic mapping
 d - a scroll of fear
Potions
 e - a potion of haste


   Skills:
 + Level 3.5 Fighting
 + Level 2.2 Axes
 + Level 1.8 Dodging
 + Level 5.1 Stealth


You had one spell level left.
You didn't know any spells.
Your spell library was empty.

Dungeon Overview and Level Annotations

Branches:
Dungeon (5/15)
 Temple: D:4-7

Altars:
Qazlal


Innate Abilities, Weirdness & Mutations

Your plain brown scales are hard. (AC +4)
You cannot fit into any form of body armour.
You are cold-blooded and may be slowed by cold attacks.


Message History

You kill the orc!
The orc hits you with a +0 club.
You completely miss the orc. The orc hits you but does no damage.
The orc shouts!
You hit the orc but do no damage.
Your tail-slap misses the orc.
The orc barely misses you.
You hit the orc but do no damage.
Your tail-slap misses the orc.
The orc hits you with a +0 club.
You barely miss the orc. The orc misses you.
You barely miss the orc. The orc misses you. The orc hits you with a +0 club.
You hit the orc but do no damage. The orc hits you but does no damage.
Okay, then.
You hit the orc but do no damage. The orc hits you with a +0 club.
You hit the orc.
The orc is lightly wounded.
The orc closely misses you.
You hit the orc.
Your tail-slap misses the orc.
The orc is severely wounded.
The orc barely misses you.
You hit the orc but do no damage. You tail-slap the orc.
You kill the orc!
You slash the orc!
You kill the orc!
You hit the orc.
The orc is moderately wounded.
The orc hits you with a +0 short sword.
* * * LOW HITPOINT WARNING * * *
You hit the orc.
The orc is severely wounded.
The orc hits you with a +0 short sword.
* * * LOW HITPOINT WARNING * * *
You hit the orc.
You kill the orc!
You completely miss the orc. The orc hits you with a +0 whip.
* * * LOW HITPOINT WARNING * * *
You closely miss the orc. The orc barely misses you. x2
You hit the orc.
Your tail-slap misses the orc.
The orc is lightly wounded.
The orc hits you with a +0 whip.
You die...

#.... ..#.#### ?.....#
.....# ....# ...#
#.#.####†## ......o@..#
#.#.####.########## ##
......#.#....#...####..
......................
.....##.#.#..#....#.#
.....#......§....§..#
##.......§.§..§..§..#
##......≈...≈≈§≈§.##
#.....≈#§§≈#≈≈.§.#


You could see an orc.

Vanquished Creatures
  2 adders (D:5)
  4 orcs (D:5)
6 creatures vanquished.

Notes
Turn   | Place    | Note
-------+----------+-------------------------------------------
     0 | D:5      | Lekart the Draconian Delver began the quest for the Orb.
     0 | D:5      | Reached XP level 1. HP: 19/19 MP: 1/1
    12 | D:5      | Found a stormy altar of Qazlal.
    38 | D:5      | Reached XP level 2. HP: 18/26 MP: 2/2
   158 | D:5      | Reached skill level 5 in Stealth
   178 | D:5      | HP: 1/26 [orc/+0 whip (2)]
   180 | D:5      | Slain by an orc

Illustrated notes

Levels and vault maps discovered:
D:5:      layout_basic, nicolae_qazlal_general_emergency,
          minmay_temple_entry_mist, gammafunk_ghost_abyssal_escape,
          serial_bayou_pond_a, minmay_manual_moon, uniq_crazy_yiuf_cottage

Skill      XL: |  1  2 |
---------------+-------+-----
Stealth        | 5 |  5.1
Fighting       | |  3.5
Axes           | |  2.2
Dodging        | |  1.8

Action                   || total
-------------------------++-------
Melee: Hand axe          ||    38
       Tailslap          ||     2
Armor: Skin              ||    13
Dodge: Dodged            ||    20

Table legend: (Time is in decaauts)
 A = Elapsed time spent in this place.
 B = Non-inter-level travel time spent in this place.
 C = Inter-level travel time spent in this place.
 D = Time resting spent in this place.
 E = Time spent auto-exploring this place.
 F = Levels seen in this place.
 G = Mean time per level.
                   A        B        C        D        E       F      G
               +--------+--------+--------+--------+--------+-----+--------+
         Total |    187 |    187 |      0 |     96 |      5 |   1 |  187.0 |
       Dungeon |    187 |    187 |      0 |     96 |      5 |   1 |  187.0 |
               +--------+--------+--------+--------+--------+-----+--------+

Top non-repeatable levels by time:
     D:5: 187 daAuts
